[Event "Baku Open 2024"]
[Site "Baku"]
[Date "2024.07.04"]
[Round "6.9"]
[White "Shyam, Sundar M."]
[Black "Talibov, Shiroghlan"]
[Result "0-1"]
[ECO "A17"]
[WhiteElo "2493"]
[BlackElo "2361"]
[Annotator "TA"]
[PlyCount "90"]
[EventDate "2024.06.29"]
[EventType "swiss"]
[EventCountry "AZE"]
[SourceTitle "playchess.com"]
[Source "ChessBase"]
[SourceQuality "1"]
[TimeControl "5400+30"]

1. Nf3 d5 2. e3 Nf6 3. c4 e6 4. Nc3 Nbd7 5. b3 b6 6. cxd5 exd5 7. Bb2 Bb7 8. Rc1 {[%emt 0:00:06] The position is equal.} a6 9. d4 Bd6 10. g3 O-O 11. Bg2 Re8 12. O-O Rc8 13. Re1 Qe7 14. Re2 Ne4 15. Nxe4 dxe4 16. Nd2 b5 17. Nb1 Nf6 18. Rec2 Rcd8 19. Qe1 (19. Ba3 $11 {should be considered.}) 19... h5 20. Qa5 {[%emt 0:12:12] [#]} (20. Nd2 $11) 20... Nd5 $1 $17 {[%emt 0:30:53] ...Bb4 would now be deadly.} 21. Ba3 ({White should try} 21. a3) 21... b4 22. Bb2 h4 23. Nd2 f5 (23... hxg3 $17 24. hxg3 Nf6) 24. Nc4 $11 c6 25. Ne5 Bxe5 26. dxe5 Qg5 (26... hxg3 $11 27. hxg3 Qg5) 27. Qc5 (27. Re1 $1 $14) 27... Re6 (27... hxg3 $11 28. hxg3 Qh5) 28. Rd2 (28. Bd4 $14) 28... Rf8 {[%emt 0:01:09][%cal Oa6a5] [#]} (28... Ra8 {feels hotter.} 29. Bf1 hxg3 30. fxg3 Nxe3 31. Rd7 Bc8) 29. Rxd5 cxd5 $15 30. Qxb4 Rf7 31. Bd4 Rh6 32. Qa5 Kh7 33. a4 Qh5 34. Qd2 $2 {[%emt 0:01:02][%mdl 8192] This costs White the game.} (34. e6 $17 Rxe6 35. b4) 34... hxg3 $19 35. hxg3 {[%emt 0:00:02] [#]} (35. h3 gxf2+ 36. Qxf2) 35... a5 $1 36. Rc5 (36. Qxa5 Ba6) 36... Ba6 37. Rb5 Rb7 38. Qxa5 Bxb5 39. axb5 Qd1+ 40. Bf1 {[%emt 0:00:03] [#]} Rh1+ $3 41. Kxh1 Qxf1+ 42. Kh2 Qxf2+ 43. Kh3 g5 44. Qa6 g4+ 45. Kh4 Rg7 {[%emt 0:00:06] Weighted Error Value: White=0.77/Black=0.30.  Loses game:     	White=1     	---        Mistake:       	White=7     	Black=3      Inaccurate:     	White=2     	Black=4      OK:         	White=8     	Black=7      Best:        	White=1     	Black=2      Strong:       	---       	Black=1} 0-1

[Event "Baku Open 2024"]
[Site "Baku"]
[Date "2024.07.04"]
[Round "6.10"]
[White "Ahmadzada, Ahmad"]
[Black "Atakishiyev, Elmar"]
[Result "1-0"]
[ECO "B40"]
[WhiteElo "2481"]
[BlackElo "2356"]
[Annotator "TA"]
[PlyCount "53"]
[EventDate "2024.06.29"]
[EventType "swiss"]
[EventCountry "AZE"]
[SourceTitle "playchess.com"]
[Source "ChessBase"]
[SourceQuality "1"]
[TimeControl "5400+30"]

1. e4 c5 2. Nf3 e6 3. c3 d5 4. e5 d4 5. Na3 a6 6. Bd3 Nc6 7. Be4 Nge7 8. O-O {[%emt 0:03:01] White is slightly better.} Qc7 9. Nc4 {[%emt 0:03:53] Hoping for Nd6+.} Ng6 10. Re1 {[%emt 0:02:06] White is more active.} ({But not} 10. Bxc6+ $6 Qxc6 11. cxd4 b5 $11) ({White should try} 10. cxd4 $16 cxd4 11. d3) 10... Be7 (10... Rb8 $14 {feels stronger.}) 11. cxd4 $16 ({Don't play} 11. Bxc6+ Qxc6 12. cxd4 b5 $14) 11... Nxd4 12. Nxd4 cxd4 13. d3 O-O 14. Bd2 a5 15. Rc1 Bb4 16. a3 Bxd2 17. Qxd2 Qd8 (17... Bd7 $16 {might work better.} 18. Bxg6 fxg6) 18. f4 Ne7 19. Nd6 Bd7 (19... f6 {keeps fighting.} 20. Qc2 (20. Bxb7 Bxb7 21. Nxb7 Qd5 $16) 20... Nc6 21. Bxc6 bxc6 22. Qxc6 Bd7) 20. Bxb7 Rb8 {[%emt 0:01:45] [#]} 21. Be4 $1 a4 22. Qf2 Qb6 {[%emt 0:00:48] [#]} 23. Bxh7+ $1 Kxh7 24. Qh4+ Kg8 25. Qxe7 Bc6 (25... Qd8 {was worth a try.} 26. Qxd8 Rfxd8) 26. Re2 Bd5 $2 (26... Bb5 27. Rd2 Bxd3 28. Rxd3 Qxb2) 27. Rc7 {[%emt 0:02:39] Black did not feel at home in the position after the opening.   Weighted Error Value: White=0.23 (precise) /Black=0.59.  Mistake:       	White=1     	Black=5      Inaccurate:     	White=2     	Black=4      OK:         	White=11    	Black=1      Best:        	White=2     	Black=1} 1-0

[Event "Baku Open 2024"]
[Site "Baku"]
[Date "2024.07.04"]
[Round "6.11"]
[White "Assaubayeva, Bibisara"]
[Black "Israilov, Agil"]
[Result "1/2-1/2"]
[ECO "E92"]
[WhiteElo "2472"]
[BlackElo "2141"]
[Annotator "TA"]
[PlyCount "45"]
[EventDate "2024.06.29"]
[EventType "swiss"]
[EventCountry "AZE"]
[SourceTitle "playchess.com"]
[Source "ChessBase"]
[SourceQuality "1"]
[TimeControl "5400+30"]

1. Nf3 Nf6 2. c4 g6 3. Nc3 Bg7 4. e4 d6 5. d4 O-O 6. Be2 e5 7. d5 a5 8. Bg5 Na6 9. Nd2 Nc5 10. g4 c6 11. Be3 cxd5 12. exd5 (12. cxd5 $14 b5 13. Bxc5 (13. Bxb5 Bxg4 14. f3 Bd7 $11) 13... dxc5 14. h4 (14. Nxb5 Rb8 $14)) 12... e4 {[%emt 0:17:35][%cal Oc8g4] ...Bxg4! is the strong threat.} 13. g5 {[%emt 0:00:00][%cal Oe3c5] Strongly threatening Bxc5!} Nfd7 14. Ndxe4 Nxe4 15. Nxe4 Qe7 16. Qc2 {[%emt 0:00:00] [#]} (16. Nc3 $11) 16... Bxb2 17. Qxb2 $11 Qxe4 18. Rg1 Re8 19. O-O-O Nc5 20. Qd4 Bf5 21. Qxe4 Nxe4 22. Bf1 Nc3 23. Rd2 {[%emt 0:00:00] Weighted Error Value: White=0.23 (precise) /Black=0.10 (very precise) .  Mistake:       	White=2     	Black=1      Inaccurate:     	White=2     	---        OK:         	White=4     	Black=6} 1/2-1/2

[Event "Baku Open 2024"]
[Site "Baku"]
[Date "2024.07.04"]
[Round "6.12"]
[White "Akhilbay, Imangali"]
[Black "Babazada, Khazar"]
[Result "1/2-1/2"]
[ECO "B03"]
[WhiteElo "2303"]
[BlackElo "2468"]
[Annotator "TA"]
[PlyCount "124"]
[EventDate "2024.06.29"]
[EventType "swiss"]
[EventCountry "AZE"]
[SourceTitle "playchess.com"]
[Source "ChessBase"]
[SourceQuality "1"]
[TimeControl "5400+30"]

1. e4 Nf6 2. e5 Nd5 3. d4 d6 4. c4 Nb6 5. f4 dxe5 6. fxe5 Bf5 7. Nc3 e6 8. Be3 {[%emt 0:01:01] B03: Alekhine's Defence: Four Pawns Attack.} Be7 9. Nf3 O-O {[%emt 0:04:22] 9...Nc6 is vanishing.} 10. Bd3 Bg6 11. O-O Nc6 12. Bxg6 $146 ({Predecessor:} 12. a3 Na5 13. Bxg6 hxg6 14. b3 Rc8 15. d5 exd5 16. cxd5 f6 17. Bxb6 cxb6 18. Ne4 fxe5 {1-0 Coutinho,S (2208)-Andrade,F Brasilia Taca op 9th 2005 (1)}) 12... fxg6 13. b3 g5 14. Ne4 h6 15. h3 Qe8 16. Qc2 Qg6 17. Rf2 Nb4 18. Qb1 Kh8 (18... Qh7 $14) 19. Nc5 $1 $18 Qxb1+ 20. Rxb1 Bxc5 21. dxc5 Nd7 22. Rd1 $1 Rf7 23. Nxg5 $1 Rxf2 24. Bxf2 Nf8 25. Nf3 Nc6 26. Kf1 Kg8 27. Ke2 Ng6 28. Ke3 a5 29. a4 Rd8 (29... Rf8 $16) 30. Rxd8+ $18 Nxd8 31. Ke4 (31. Nd4 $142 $1 {Black must now prevent Be1.} Nxe5 32. Bg3) 31... Nf8 (31... Nc6 $16) 32. Nd4 $18 Nd7 33. Nb5 b6 34. Nxc7 Nxc5+ 35. Bxc5 bxc5 36. Nb5 Kf7 37. Nd6+ Ke7 38. h4 g6 39. Kf4 Kd7 $2 (39... Kf8 {is tougher.} 40. Ne4 Nb7) 40. Ne4 $18 Kc6 41. h5 gxh5 42. g3 Kb6 43. Nf6 Kc7 44. Nxh5 Nc6 45. Nf6 $1 Nd4 46. Ne4 $2 (46. Ng8 $18) 46... Nxb3 $14 47. Kg4 Kc6 $2 (47... Nd4 $16) 48. Kh5 $18 Nd4 49. Nd2 ({Less strong is} 49. Kxh6 Nf3 $16) 49... Nf5 {[%emt 0:01:03] [#]} 50. Nf1 $1 Nd4 51. Kxh6 Nf3 {[%emt 0:00:04] [#]} 52. g4 ({Better is} 52. Kh5 $1 $18) 52... Nxe5 $16 53. Ne3 (53. g5 $16 Nxc4 54. g6) 53... Kd6 $11 54. g5 Nf7+ 55. Kg6 Nxg5 $1 56. Kxg5 Ke5 57. Nc2 Ke4 58. Kf6 Kd3 59. Na3 Kc3 60. Kxe6 Kb4 61. Kd5 Kxa3 62. Kxc5 Kxa4 1/2-1/2

[Event "Baku Open 2024"]
[Site "Baku"]
[Date "2024.07.04"]
[Round "6.13"]
[White "Shuvalova, Polina"]
[Black "Mohamed Anees M"]
[Result "1-0"]
[ECO "B29"]
[WhiteElo "2467"]
[BlackElo "2306"]
[Annotator "TA"]
[PlyCount "77"]
[EventDate "2024.06.29"]
[EventType "swiss"]
[EventCountry "AZE"]
[SourceTitle "playchess.com"]
[Source "ChessBase"]
[SourceQuality "1"]
[TimeControl "5400+30"]

1. e4 c5 2. Nf3 Nf6 3. Nc3 d5 4. exd5 Nxd5 5. Bb5+ Bd7 6. Ne5 Bxb5 7. Qf3 ({But not} 7. Nxb5 e6 $11) 7... f6 8. Nxb5 {[%emt 0:00:40] Strongly threatening Qh5+.} Na6 {[%emt 0:00:26] White is slightly better.} 9. Qh5+ g6 10. Nxg6 {[%emt 0:00:04] White is more active.} hxg6 11. Qxh8 {[%emt 0:00:03] Hoping for Qh7.} Qd7 {[%emt 0:00:08] [#]} 12. Qh4 $1 Qxb5 13. c4 $1 Qb4 14. Qe4 {[%emt 0:03:10][%mdl 1024] White has strong compensation.} Ndc7 15. Qxg6+ Kd8 16. Qg8 ({White should play} 16. b3 $16) 16... Kd7 $14 17. O-O Qb6 18. b3 Nb4 19. Bb2 Nd3 {[%emt 0:02:38] Wards off d4} 20. Bc3 Rd8 21. f4 Ne6 22. Rf3 Nb4 (22... Nexf4 $2 {is the wrong capture.} 23. Qg4+ Qe6 24. Rxf4 Nxf4 25. Qxf4 $18) (22... Ndxf4 $5 23. Re1 Bg7 $14) 23. Re1 {[%emt 0:14:47][%cal Ba1e1,Be1e4,Be4e5][%mdl 32] aiming for Qg4.} Nc2 24. Re4 {[%emt 0:05:11] And now Qg4 would win. Really sharp!} Ned4 25. Rh3 Qc6 26. d3 Kc8 27. Rh8 f5 28. Re5 {[%emt 0:00:09] Black must now prevent Qf7.} e6 29. Bxd4 Nxd4 30. h4 Qc7 $2 {[%emt 0:07:17][%mdl 8192] [#]} (30... Qb6 $11) 31. Qxf8 $1 $18 Nc6 {[%emt 0:07:53] [#]} 32. Qf6 $1 Nxe5 (32... Rxh8 33. Qxh8+) 33. Rxd8+ {[%emt 0:00:44] White mates.} Qxd8 34. Qxd8+ Kxd8 35. fxe5 {[%emt 0:00:03] KP-KP} Ke7 36. Kf2 Kf7 37. Kf3 Kg6 38. g4 fxg4+ 39. Kxg4 {[%emt 0:00:04] Weighted Error Value: White=0.06 (flawless) /Black=0.20 (precise) .  Loses game:     	---       	Black=1      Missed win:     	---       	Black=1      Mistake:       	White=1     	---        Inaccurate:     	White=1     	Black=1      OK:         	White=14    	Black=14     Best:        	White=1     	Black=3      Strong:       	White=2     	---} 1-0

[Event "Baku Open 2024"]
[Site "Baku"]
[Date "2024.07.04"]
[Round "6.14"]
[White "Soham Kamotra"]
[Black "Agmanov, Zhandos"]
[Result "0-1"]
[ECO "A14"]
[WhiteElo "2388"]
[BlackElo "2464"]
[Annotator "RC"]
[PlyCount "152"]
[EventDate "2024.06.29"]
[EventType "swiss"]
[EventCountry "AZE"]
[SourceTitle "playchess.com"]
[Source "ChessBase"]
[SourceQuality "1"]
[TimeControl "5400+30"]

1. c4 Nf6 2. g3 e6 3. Bg2 d5 4. Nf3 Be7 5. O-O O-O 6. b3 d4 7. e3 c5 8. Ne5 Qc7 9. f4 Nfd7 10. exd4 cxd4 11. Nd3 Nc6 12. Ba3 Qd8 13. Qc1 a5 14. Qb2 Nb4 15. Nf2 e5 16. f5 Nc5 17. Bxb4 axb4 18. a3 bxa3 19. Nxa3 Bxf5 20. b4 Qb6 21. Nb5 Na6 22. Rae1 Be6 23. d3 Nxb4 24. Rxe5 Nc6 25. Re2 Rad8 26. Kh1 Rfe8 27. Qd2 h6 28. Qf4 Rd7 29. h4 Qd8 30. Ng4 Bf8 31. Rfe1 Bb4 32. Rf1 Bf8 33. Nf2 Qb8 34. Qxb8 Rxb8 35. Bh3 Bxh3 36. Nxh3 Re7 37. Rxe7 Bxe7 38. Nf4 Ra8 39. Kg2 Bc5 40. Re1 Nb4 41. h5 Nc6 42. Kf3 Kh7 43. Re4 Rd8 44. Re2 Be7 45. Nd5 Bc5 46. Re4 Ra8 47. Nf4 Rd8 48. Ne2 Kg8 49. Nc1 Nb4 50. Re5 b6 51. Re4 g6 52. hxg6 fxg6 53. Ke2 Kf7 54. Nb3 Nc6 55. Nc7 Bd6 56. Nd5 Bxg3 57. Kf3 Be5 58. Nxb6 h5 59. Na5 Nxa5 60. Rxe5 Nc6 61. Rc5 Rd6 62. Nd5 g5 63. Nc7 Kg6 64. Nd5 Kg7 65. Nc7 Kg6 66. Nd5 Kg7 67. Nc7 Rf6+ 68. Kg2 Kh6 69. Ne8 Rg6 70. Rd5 h4 71. Nd6 Kh5 72. Nf5 Kg4 73. c5 Rf6 74. Nxd4 h3+ 75. Kh2 Rf2+ 76. Kg1 h2+ 0-1

[Event "Baku Open 2024"]
[Site "Baku"]
[Date "2024.07.04"]
[Round "6.15"]
[White "Md Imran"]
[Black "Ilamparthi A R"]
[Result "1/2-1/2"]
[ECO "B07"]
[WhiteElo "2180"]
[BlackElo "2446"]
[Annotator "TA"]
[PlyCount "100"]
[EventDate "2024.06.29"]
[EventType "swiss"]
[EventCountry "AZE"]
[SourceTitle "playchess.com"]
[Source "ChessBase"]
[SourceQuality "1"]
[TimeControl "5400+30"]

1. d4 d6 2. e4 Nf6 3. Nc3 e5 4. dxe5 dxe5 5. Qxd8+ Kxd8 6. Bc4 Be6 7. Bxe6 fxe6 8. f3 Bd6 9. Nd1 Ke7 10. Ne3 Nbd7 11. Bd2 {[%emt 0:00:30] White is slightly better.} b5 12. Nh3 Rhb8 13. Nf2 Nb6 14. Ke2 Nfd7 15. h4 a5 16. h5 a4 17. h6 g6 18. b3 c5 (18... Nf6 $14) 19. Nh3 Rc8 20. Ng5 Nf6 21. Ng4 {[%emt 0:01:06] White is much more active.} ({Better is} 21. Rhb1) 21... Nbd7 $16 22. Nxf6 Nxf6 23. Rhd1 Ra6 24. Be1 Ke8 (24... Rcc6 $14) 25. Nxe6 Be7 26. Ng5 Bf8 (26... Ng8 $14 {might be stronger.} 27. Nxh7 Nxh6) 27. Bd2 Rc7 28. bxa4 b4 29. a3 Bxh6 {[%emt 0:01:24] [#]} 30. Ne6 $1 Rxe6 31. Bxh6 Ra6 32. Bd2 Nh5 33. axb4 cxb4 34. Ra2 ({Don't play} 34. Bxb4 Rxc2+ 35. Rd2 Nf4+ 36. Kf1 Rc4) 34... Rc4 (34... Nf4+ {might work better.} 35. Bxf4 exf4) 35. a5 Nf4+ 36. Bxf4 exf4 $18 {[%emt 0:00:02][%mdl 4096] Endgame. KRR-KRR} 37. Rd5 Rc3 {[%emt 0:00:48] [#]} 38. Kd2 $1 Ke7 39. Rb5 Rc4 (39... Kd6 $142 40. Rxb4 Rc5 41. Rb6+ Rxb6 42. axb6 Rb5) 40. Kd3 Rc3+ 41. Kd4 Ra3 42. Rb2 (42. Rxa3 $142 bxa3 43. Kc3) 42... R3xa5 43. R2xb4 Ra2 (43... Rxb5 $142 44. Rxb5 Ke6) 44. Rb7+ Kf6 (44... Ke6 $142 45. R7b6+ (45. Rxh7 Rxc2 46. Kd3 Rxg2 $11) 45... Rxb6 46. Rxb6+ Ke7) 45. R7b6+ (45. Rxh7 Rxc2 46. e5+ Kg5 $11) 45... Rxb6 46. Rxb6+ Kg5 47. Rc6 Ra1 48. Rc5+ $2 (48. c4 $18 {is more deadly.}) 48... Kf6 $16 49. Rc6+ $2 (49. Rd5 $16) 49... Kg5 $18 50. Rc5+ $2 (50. Rd6 $18 {has better winning chances.}) 50... Kf6 {[%emt 0:00:02] Weighted Error Value: White=0.39/Black=0.26 (precise) .  Missed win:     	White=2     	---        Mistake:       	White=3     	Black=7      Inaccurate:     	White=1     	Black=6      OK:         	White=18    	Black=8      Best:        	White=3     	Black=6} 1/2-1/2

[Event "Baku Open 2024"]
[Site "Baku"]
[Date "2024.07.04"]
[Round "6.16"]
[White "Salimova, Nurgyul"]
[Black "Novozhilov, Semen"]
[Result "0-1"]
[ECO "A45"]
[WhiteElo "2436"]
[BlackElo "2288"]
[Annotator "TA"]
[PlyCount "110"]
[EventDate "2024.06.29"]
[EventType "swiss"]
[EventCountry "AZE"]
[SourceTitle "playchess.com"]
[Source "ChessBase"]
[SourceQuality "1"]
[TimeControl "5400+30"]

1. d4 Nf6 2. Bg5 e6 3. e4 h6 4. Bxf6 Qxf6 5. Nc3 d5 6. a3 {[%emt 0:01:35] A45: Trompowsky Attack.} c6 7. Nf3 Nd7 8. Bd3 Qd8 9. Qe2 Be7 10. h4 a6 $146 ({Predecessor:} 10... b6 11. O-O-O Bb7 12. Rh3 Qc7 13. Rg3 g6 14. exd5 cxd5 15. Bb5 a6 16. Bxd7+ Qxd7 {1-0 Aronian,L (2742)-So,W (2753) Chess.com Speed Chess blitz 2023 (1)}) 11. Kf1 b5 12. Re1 Bb7 13. exd5 cxd5 14. Nd1 Qa5 (14... b4 $11 {should be considered.}) 15. Ne3 $14 O-O-O (15... Qc7 $11 {keeps the balance.}) 16. Ng4 $16 Bd6 17. h5 ({White should play} 17. Nfe5 $16 Rhf8 18. Nxd7 Rxd7 19. Ne5) 17... Rhe8 (17... Nb6 $11) 18. Nge5 $14 Re7 19. Rh3 Kb8 20. Ra1 (20. Nxd7+ $14 Rdxd7 21. Ne5) 20... f6 21. Nf7 Rxf7 22. Qxe6 Ne5 $1 23. dxe5 (23. Nxe5 $2 Re7 $19) 23... Re7 24. Qxd6+ Rxd6 25. exd6 Rd7 26. Nd4 b4 27. Re3 Rxd6 28. Ree1 (28. Re7 $11) 28... Qc5 (28... Qb6 $1 $15 29. Nf5 Rd7) 29. Nb3 Qb6 30. Re7 $1 Re6 31. Rxg7 d4 32. axb4 Qxb4 33. Rd7 Re5 34. Nxd4 $2 (34. Rd8+ $11 Ka7 35. Rxd4) 34... Qxb2 $19 35. Rd1 Rxh5 36. Kg1 {[%emt 0:00:56] [#]} Qa2 ({Better is} 36... Ra5 $1 $17 {Hoping for ...Kc8.} 37. Bf1 Ra1 38. Rxa1 Qxa1) 37. Rg7 $2 (37. Bf5 $11 {and White is okay.}) 37... Rg5 $19 38. Rxg5 hxg5 ({But not} 38... fxg5 39. Nb3 $19) 39. Nb3 Ka7 40. Bf5 (40. Ra1 $142 Qb2 41. Kf1) 40... Qb2 $19 41. Re1 Qa3 (41... Bd5 $142 42. Rd1 Bxb3 43. cxb3 Qxb3 44. Rd7+ Kb8) 42. Ra1 (42. Bd3 {is the only way for White.}) 42... Qb4 (42... Qd6 $142 {And now ...Qd5 would win.} 43. Bd3 Qc6) 43. Bd3 $19 g4 44. Rd1 $2 (44. g3) 44... Bd5 $2 (44... a5 $19 {is more deadly.} 45. Bf1 g3 (45... a4 $2 46. Rd4 $19) 46. fxg3 Bc6) 45. Nd2 $2 (45. Bf1 $17 Bc6 (45... Bxb3 46. cxb3 g3 47. Rd3 $17) 46. Rd4) 45... a5 $19 46. Nf1 a4 47. Ne3 Be6 48. c4 a3 49. Nc2 Qb2 50. Ra1 a2 51. Kh2 Kb6 52. Re1 Bd7 53. Re7 Ba4 ({Not} 53... a1=B 54. Rxd7 Qb1 55. g3 $11) 54. c5+ Kxc5 55. Rc7+ Kd6 0-1

[Event "Baku Open 2024"]
[Site "Baku"]
[Date "2024.07.04"]
[Round "6.17"]
[White "Moosavifar, Seyed Abolfazl"]
[Black "Manafov, Vugar"]
[Result "0-1"]
[ECO "B42"]
[WhiteElo "2283"]
[BlackElo "2430"]
[Annotator "RC"]
[PlyCount "140"]
[EventDate "2024.06.29"]
[EventType "swiss"]
[EventCountry "AZE"]
[SourceTitle "playchess.com"]
[Source "ChessBase"]
[SourceQuality "1"]
[TimeControl "5400+30"]

1. e4 c5 2. Nf3 e6 3. d4 cxd4 4. Nxd4 a6 5. Bd3 g6 6. O-O Bg7 7. Nb3 Nf6 8. c4 Qc7 9. Nc3 O-O 10. Be3 d6 11. f4 Nbd7 12. a4 b6 13. a5 bxa5 14. Rxa5 Rb8 15. Ra3 Rd8 16. Qe2 Bf8 17. Rc1 Bb7 18. h3 Ba8 19. Rc2 Rdc8 20. c5 dxc5 21. Bxa6 c4 22. Nd4 Bxa3 23. Bxc8 Bf8 24. Ba6 Nxe4 25. Qxc4 Bc5 26. Kh2 Rb4 27. Qxb4 Bxb4 28. Nxe4 Qa7 29. Nf6+ Kh8 30. Rc8+ Nf8 31. Nf5 Qxa6 32. Bd4 e5 33. Bxe5 gxf5 34. Rxa8 Qc6 35. Rc8 Qa6 36. Ra8 Qc6 37. Rc8 Qe6 38. Re8 Qc6 39. Rc8 Qe6 40. Rb8 Be7 41. Re8 Kg7 42. Rxe7 Qc6 43. Re8 Ng6 44. Rg8+ Kh6 45. Rb8 Nxe5 46. fxe5 Qc5 47. Re8 Qd4 48. b3 Qf4+ 49. Kh1 Qc1+ 50. Kh2 Qc5 51. Kh1 Qd4 52. Kh2 Qf4+ 53. Kh1 Qc1+ 54. Kh2 Qc5 55. Kh1 Kg5 56. Nxh7+ Kf4 57. Kh2 Qf2 58. Rg8 Qe1 59. Ng5 Qg3+ 60. Kh1 Ke3 61. Rg7 Ke2 62. Rxf7 Qxg5 63. Ra7 Qc1+ 64. Kh2 Qf4+ 65. Kh1 Qd4 66. Rf7 Qa1+ 67. Kh2 Qxe5+ 68. Kg1 Qc5+ 69. Kh2 Kf2 70. g3 Qd5 0-1

[Event "Baku Open 2024"]
[Site "Baku"]
[Date "2024.07.04"]
[Round "6.18"]
[White "Suyarov, Mukhammadzokhid"]
[Black "Suleymanli, Suleyman"]
[Result "0-1"]
[ECO "C11"]
[WhiteElo "2430"]
[BlackElo "2262"]
[Annotator "TA"]
[PlyCount "46"]
[EventDate "2024.06.29"]
[EventType "swiss"]
[EventCountry "AZE"]
[SourceTitle "playchess.com"]
[Source "ChessBase"]
[SourceQuality "1"]
[TimeControl "5400+30"]

1. e4 e6 2. d4 d5 3. Nc3 Nf6 4. e5 Nfd7 5. Nce2 c5 6. c3 Nc6 7. Nf3 Be7 8. a3 O-O 9. g3 Qa5 10. Ra2 (10. Bd2 $11) 10... cxd4 $17 {[%emt 0:00:30] Black is more active.} 11. b4 Qb6 (11... Qc7 $17 12. cxd4 b5) 12. cxd4 $15 f6 $1 $40 {[%emt 0:05:42][%mdl 128] White needs to defend precisely.} 13. Be3 (13. exf6 $1 $11 Nxf6 14. Bg2) 13... fxe5 $17 14. Nxe5 Ndxe5 15. dxe5 Nxe5 16. Nd4 {[%emt 0:00:00] Wards off Nf3+} (16. Bg2 $1 $15 Qb5 17. f4 (17. O-O a5 $15)) 16... Qd6 17. Bf4 {[%emt 0:00:00] [#]} (17. f4 $17 Nc4 18. Bf2) 17... Rxf4 $1 18. gxf4 Ng6 19. f5 Nf4 {[%emt 0:04:11][%mdl 1024] ...a5 would now be deadly. Black has strong compensation.} (19... exf5 20. Bg2 $17) 20. Be2 $2 {[%emt 0:00:00] Loses the game.} (20. Rg1 $17 {was necessary.}) 20... e5 $19 (20... exf5 21. Bf3 $17) 21. Nb5 Qb6 22. Nc3 Bh4 ({But not} 22... Qc6 23. Qb3 Bxf5 24. Bb5 $19) (22... Bxf5 $142 {Threatens to win with ...Bh4.} 23. Nxd5 Nxd5 (23... Qe6 24. Nxe7+ Qxe7 25. Rg1 $15) 24. Qxd5+ Be6) 23. Bf3 $2 {[%emt 0:00:00] [#]} (23. O-O Bxf5 (23... Qc6 24. Nxd5 Nh3+ 25. Kh1 $11) 24. Bf3) 23... Qe3+ {[%emt 0:03:12] Weighted Error Value: White=0.98/Black=0.35.  Loses game:     	White=1     	---        Mistake:       	White=5     	Black=2      Inaccurate:     	White=1     	---        OK:         	White=2     	Black=3      Best:        	White=1     	Black=4      Strong:       	---       	Black=1} ({Not} 23... Bxf5 24. Nxd5 Qg6 25. Nxf4 exf4 26. Rd2 $15) 0-1